 Dungeon Crawl Stone Soup version 0.18.1-48-g4cf74bf (webtiles) character file.

86 theElss the Conjurer (level 4, -3/27 HPs)
             Began as a High Elf Conjurer on Aug 7, 2016.
             Slain by a sky beast (6 damage)
             ... on level 3 of the Dungeon.
             The game lasted 00:10:54 (2536 turns).

theElss the Conjurer (High Elf Conjurer)            Turns: 2536, Time: 00:10:55

Health: -3/27      AC:  3    Str:  8    XL:     4   Next: 26%
Magic:  3/10       EV: 13    Int: 19    God:
Gold:   80         SH:  0    Dex: 15    Spells: 2 memorised, 6 levels left

rFire  . . .     SeeInvis .     m - +0 rapier
rCold  . . .     Gourm    .     a - +0 robe
rNeg   . . .     Faith    .     (no shield)
rPois  .         Spirit   .     d - +0 helmet
rElec  .         Dismiss  .     (no cloak)
rCorr  .         Reflect  .     (no gloves)
SustAt .         Harm     .     (no boots)
MR     .....                    (no amulet)
Stlth  ++........               (no ring)
                                (no ring)

@: very slightly contaminated, not resistant to hostile enchantments, unstealthy
A: no striking features
a: no special abilities


You were on level 3 of the Dungeon.
You were not hungry.

You visited 1 branch of the dungeon, and saw 3 of its levels.

You collected 80 gold pieces.

Inventory:

Hand Weapons
 m - a +0 rapier (weapon)
Armour
 a - a +0 robe (worn)
 d - a +0 helmet (worn)
Scrolls
 j - a scroll of random uselessness {unknown}
 n - 2 scrolls of identify {unknown}
 o - a scroll of enchant weapon {unknown}
Potions
 e - a potion of magic {unknown}
 i - a potion of curing {unknown}
 k - a potion of might {unknown}
 l - a potion of degeneration {unknown}
Books
 b - a book of Conjurations

   Spells                             Type                      Level
   a - Magic Dart                     Conjuration                  1
   b - Searing Ray                    Conjuration                  2
   c - Dazzling Spray                 Conjuration/Hexes            3
   d - Fulminant Prism                Conjuration/Hexes            4
   e - Iskenderun's Mystic Blast      Conjuration                  4
   f - Iskenderun's Battlesphere      Conjuration/Charms           5
Comestibles
 c - 2 bread rations
 f - 4 chunks of flesh
 g - 3 fruits
 h - 2 meat rations


   Skills:
 + Level 2.9 Dodging
 - Level 2.1 Stealth
 + Level 3.4 Spellcasting
 + Level 5.5 Conjurations


You had 6 spell levels left.
You knew the following spells:

 Your Spells              Type           Power        Failure   Level  Hunger
a - Magic Dart            Conj           ###.         1%          1    None
c - Searing Ray           Conj           ###...       2%          2    ##.....


Dungeon Overview and Level Annotations

Branches:
Dungeon (3/15)

Altars:

Annotations:
D:2 Sigmund, Terence


Message History

The searing ray hits the sky beast.
The sky beast is almost dead.
The sky beast misses you.
Casting: Searing Ray
Confirm with . or Enter, or press ? or * to list all spells.
Aiming: Searing Ray
Press: ? - help, Shift-Dir - straight line, f/p - sky beast
Aim: a sky beast (almost dead)
You miscast Searing Ray.
You are very lightly contaminated with residual magic.
Nothing appears to happen.
The sky beast hits you. The sky beast shocks you. The sky beast hits you.
The sky beast shocks you.
The sky beast flickers out of sight!
Deactivating autopickup; reactivate with Ctrl-A.
Something hits you. Something shocks you.
* * * LOW HITPOINT WARNING * * *
Something hits you.
* * * LOW HITPOINT WARNING * * *
Something shocks you.
You die...

## #.#.####.# .#
#.#......########
.#######.#..####........
.........#..####.#######
.#########..<..........#
.# #....####.#####.# .#
#.##.####.# .#
#.......#># .#
#.#####.#@## .# #.#
#...{....# .# #.#
#.......... .# #.#
#.......... .#
#.#####.......... ##
#........#####..#
####.#.#.# ..#
#.....#####...
##.#...)...... #


There were no monsters in sight!

Vanquished Creatures
  Robin (D:2)
  An adder (D:2)
  A worm (D:3)
  2 dart slugs (D:1)
  2 giant geckos
  6 bats
  3 giant cockroaches
  11 goblins
  8 hobgoblins
  4 jackals (D:1)
  A ball python (D:1)
  7 kobolds
  6 rats
53 creatures vanquished.

Vanquished Creatures (others)
  5 toadstools (D:1)
5 creatures vanquished.

Grand Total: 58 creatures vanquished

Notes
Turn   | Place    | Note
--------------------------------------------------------------
     0 | D:1      | theElss the High Elf Conjurer began the quest for the Orb.
     0 | D:1      | Reached XP level 1. HP: 11/11 MP: 4/4
   372 | D:1      | Reached XP level 2. HP: 17/17 MP: 3/6
   469 | D:1      | Learned a level 2 spell: Searing Ray
   590 | D:1      | Reached skill level 5 in Conjurations
  1163 | D:1      | Reached XP level 3. HP: 12/21 MP: 0/8
  1317 | D:2      | Noticed Robin
  1445 | D:2      | Killed Robin
  1670 | D:2      | Noticed Terence
  1836 | D:2      | Reached XP level 4. HP: 27/27 MP: 0/9
  2124 | D:2      | Noticed Sigmund
  2276 | D:3      | Found a faded altar to an unknown god.
  2528 | D:3      | Noticed a sky beast
  2536 | D:3      | Slain by a sky beast

Skill      XL: |  1  2  3 |
---------------+----------+-----
Conjurations   | 5 |  5.5
Spellcasting   | 3 |  3.4
Dodging        | |  2.9
Stealth        | |  2.1

Action                   |  1- 3 |  4- 6 || total
-------------------------+-------+-------++-------
Melee: Unarmed           |    16 |       ||    16
       Rapier            |     1 |     1 ||     2
 Cast: Magic Dart        |    71 |    19 ||    90
       Searing Ray       |     5 |     2 ||     7
  Eat: Chunk             |     3 |     2 ||     5
Armor: Robe              |    11 |     8 ||    19
Dodge: Dodged            |    32 |    22 ||    54
